 Dungeon Crawl Stone Soup version 0.31-a0-426-g3a05650e59 (webtiles) character file.

Game seed: 310789611798067015

258 hashsling the Gusty (level 6, -6/36 HPs)
             Began as a Tengu Air Elementalist on July 30, 2023.
             Mangled by a mummy (19 damage)
             ... in an ossuary.
             The game lasted 00:11:13 (3419 turns).

hashsling the Gusty (Tengu Air Elementalist)        Turns: 3419, Time: 00:11:14

Health: -6/36      AC:  3    Str:  8    XL:     6   Next: 16%
Magic:  0/10       EV: 15    Int: 18    God:
Gold:   166        SH:  0    Dex: 14    Spells: 3/9 levels left

rFire   . . .        c - staff of air
rCold   . . .        (no shield)
rNeg    . . .        a - +0 robe
rPois   .            (helmet restricted)
rElec   +            g - +0 cloak
rCorr   .            (no gloves)
SInv    .            (boots unavailable)
Will    .....        (no amulet)
Stlth   ++           (no ring)
HPRegen 0.26/turn    (no ring)
MPRegen 0.12/turn

%: no passive effects
@: flying quickly and evasively, quick
A: beak, talons 3, nimble flight
a: no special abilities


You were in an ossuary.
You visited 1 branch of the dungeon, and saw 4 of its levels.
You also visited: Ossuary.

You collected 166 gold pieces.

Inventory:

Hand Weapons
 d - a +0 short sword of draining
 p - a +0 spear of flaming
Missiles
 k - 3 atropa-tipped darts
 q - 2 throwing nets
Armour
 a - a +0 robe (worn)
 g - a +0 cloak (worn)
Magical Staves
 c - a staff of air (weapon)
Wands
 j - a wand of roots (9)
Scrolls
 f - a scroll of teleportation
 l - a scroll of enchant armour {unknown}
 m - a scroll of fog {unknown}
 n - a scroll of amnesia {unknown}
 o - a scroll of revelation {unknown}
 r - a scroll of summoning {unknown}
 s - a scroll of vulnerability {unknown}
Potions
 b - a potion of magic
 e - a potion of curing
 h - a potion of cancellation
 i - a potion of attraction


   Skills:
 + Level 2.6 Fighting
 * Level 1.5 Staves
 - Level 3.0 Dodging
 - Level 2.0 Stealth
 - Level 2.0 Spellcasting
 - Level 2.0 Conjurations
 - Level 7.0 Air Magic


You had 3 spell levels left.
You knew the following spells:

 Your Spells              Type           Power      Damage    Failure   Level
a - Shock                 Conj/Air       100%       1d9       2%          1
b - Static Discharge      Conj/Air       54%        2-5/arc   4%          2
c - Swiftness             Air            40%        N/A       3%          3

Your spell library contained the following spells:

 Spells                   Type           Power      Damage    Failure   Level
 Apportation              Tloc           2%         N/A       19%         1
 Necrotise                Necr           4%         1d4       19%         1
 Summon Small Mammal      Summ           4%         N/A       19%         1
 Airstrike                Air            20%        2d(3-19)  10%         4


Dungeon Overview and Level Annotations

Branches:
Dungeon (4/15)            Ossuary (1/1)
 Temple: D:4-7

Altars:


Innate Abilities, Weirdness & Mutations

You have a beak for a mouth.
You have claws for feet.
Your magical nature lets you fly swiftly and evasively.


Message History

You destroy the mummy!
You resist.
You are struck by an arc of lightning.
The lightning grounds out.
There is an open door here.
There is a sand-covered staircase here.
The world spins around you as you enter the gateway.
You enter an ossuary!
Found a gate leading back out of this place.
There is an empty arch of ancient stone here.
Aiming: Shock (safe; 2% risk of failure)
Press: ? - help, Q - select action, (/) - cycle Shift-Dir - straight line You feel a surge of power!
The zap hits the mummy.
The mummy is moderately damaged.
The zap hits the mummy!
The mummy is severely damaged.
Aiming: Shock (safe; 2% risk of failure)
Press: ? - help, Q - select action, (/) - cycle Shift-Dir - straight line You feel a surge of power!
The zap hits the mummy.
The mummy is almost destroyed.
The zap misses the mummy.
Aiming: Shock (safe; 2% risk of failure)
Press: ? - help, Q - select action, (/) - cycle Shift-Dir - straight line You feel a surge of power!
The zap hits the mummy.
You destroy the mummy!
The zap hits the mummy.
The mummy is moderately damaged.
Casting: Shock (safe; 2% risk of failure)
Confirm with . or Enter, or press ? or * to list all spells.
You feel a surge of power!
The mummy is struck by an arc of lightning.
The mummy is severely damaged.
The mummy is struck by an arc of lightning.
The mummy is lightly damaged.
The lightning grounds out.
The mummy hits you!
* * * LOW HITPOINT WARNING * * *
The mummy misses you.
You hit the mummy but do no damage.
The mummy is severely damaged.
It was a potion of curing.
You feel better. The mummy hits you!!
Ouch! That really hurt!
You die...

#######
#.#.#.#
#.....#
#.MM#
#.@.#
#...#
#.∩.#
#...#
##+##


You could see 2 mummies.

Vanquished Creatures
  An orc priest (D:3)
  A hound (D:2)
  An iguana (D:3)
  2 mummies
  2 gnolls (D:3)
  4 adders
  A worm (D:3)
  A dart slug (D:4)
  10 orcs (D:3)
  6 bats
  7 endoplasms
  3 giant cockroaches
  2 goblins
  6 hobgoblins
  10 jackals
  10 kobolds
  4 ball pythons
  2 frilled lizards
  A kobold zombie (D:4)
  5 rats
79 creatures vanquished.

Notes
Turn   | Place    | Note
-------+----------+-------------------------------------------
     0 | D:1      | hashsling the Tengu Air Elementalist began the quest for
                  | the Orb.
     0 | D:1      | Reached XP level 1. HP: 10/10 MP: 4/4
   184 | D:1      | Reached XP level 2. HP: 15/15 MP: 3/6
   243 | D:1      | Learned a level 2 spell: Static Discharge
   975 | D:2      | Reached XP level 3. HP: 19/19 MP: 5/7
  1218 | D:2      | Reached skill level 5 in Air Magic
  1769 | D:3      | Reached XP level 4. HP: 18/24 MP: 2/8
  1773 | D:3      | Reached skill level 6 in Air Magic
  1847 | D:2      | Gained mutation: Your magical nature lets you fly swiftly
                  | and evasively. [Tengu growth]
  1847 | D:2      | Reached XP level 5. HP: 9/28 MP: 1/9
  1923 | D:2      | Learned a level 3 spell: Swiftness
  2047 | D:3      | Reached skill level 1 in Fighting
  2047 | D:3      | Reached skill level 7 in Air Magic
  2716 | D:3      | Identified a scroll of acquirement
  2717 | D:3      | Acquired a staff of air
  3119 | D:4      | Reached XP level 6. HP: 33/36 MP: 6/10
  3180 | D:4      | Reached skill level 1 in Staves
  3402 | D:4      | Found a sand-covered staircase.
  3412 | Ossuary  | Entered an ossuary
  3419 | Ossuary  | Mangled by a mummy

Illustrated notes

Levels and vault maps discovered:
D:1:      dpeg_arrival_concentric_ovals, layout_loops_cross
D:2:      layout_basic
D:3:      layout_loops_ring, grunt_ministairs_8
D:4:      layout_gridville, serial_shops, nicolae_shop_pleasant_corner_grove,
          nicolae_ossuary_entry_giza, nicolae_figureground_pulse
Ossuary:  ossuary_minmay_chase

Skill      XL: |  1  2  3  4  5  6 |
---------------+-------------------+-----
Conjurations   | 2 |  2.0
Dodging        | 3 |  3.0
Air Magic      | 5 6 7 |  7.0
Fighting       | 2 |  2.6
Staves         | 1 |  1.5
Stealth        | |  2.0
Spellcasting   | |  2.0

Action                     |  1- 3 |  4- 6 || total
---------------------------+-------+-------++-------
  Melee: Short sword       |    14 |    19 ||    33
         Kick              |     3 |    11 ||    14
         Spear             |     2 |     1 ||     3
         Peck              |       |     5 ||     5
         Punch             |       |     2 ||     2
         Staff             |       |     9 ||     9
   Cast: Shock             |    68 |    55 ||   123
         Static Discharge  |     1 |    18 ||    19
         Swiftness         |       |     1 ||     1
    Use: Scroll            |       |     5 ||     5
         Potion            |       |     1 ||     1
   Stab: Sleeping          |     1 |       ||     1
 Armour: Robe              |     6 |    11 ||    17
  Dodge: Dodged            |    17 |    32 ||    49

Table legend: (Time is in decaauts)
 A = Elapsed time spent in this place.
 B = Non-inter-level travel time spent in this place.
 C = Inter-level travel time spent in this place.
 D = Time resting spent in this place.
 E = Time spent auto-exploring this place.
 F = Levels seen in this place.
 G = Mean time per level.
                   A        B        C        D        E       F      G
               +--------+--------+--------+--------+--------+-----+--------+
         Total |   3344 |   3285 |     59 |    366 |   2426 |   5 |  668.8 |
       Dungeon |   3337 |   3278 |     59 |    366 |   2426 |   4 |  834.2 |
       Ossuary |      6 |      6 |      0 |      0 |      0 |   1 |    6.0 |
               +--------+--------+--------+--------+--------+-----+--------+

Top non-repeatable levels by time:
     D:3: 1067 daAuts
     D:2: 1021 daAuts
     D:1: 962 daAuts
     D:4: 286 daAuts
 Ossuary: 6 daAuts
